 Dungeon Crawl Stone Soup version 0.24-a0-189-g5d897e9 (webtiles) character file.

Game seed: 15480030714712403976

278514 mortelune the Warrior (level 20, -1/139 HPs)
             Began as a Gargoyle Fighter on Mar 17, 2019.
             Was the Champion of Zin.
             Killed from afar by a hellion (25 damage)
             ... with damnation
             ... summoned by a deep elf demonologist
             ... on level 3 of the Elven Halls.
             The game lasted 02:41:43 (46871 turns).

mortelune the Warrior (Gargoyle Fighter)           Turns: 46871, Time: 02:41:44

Health: -1/139     AC: 50    Str: 40    XL:     20   Next: 42%
Magic:  29/29      EV: 20    Int: 17    God:    Zin [******]
Gold:   202        SH: 25    Dex: 22    Spells: 24/27 levels left

rFire    + . .     SeeInvis .   c - +8 morningstar (holy)
rCold    + . .     Gourm    .   p - +5 shield {reflect}
rNeg     + . .     Faith    .   V - +10 plate armour of Metof {*Contam rPois Int+3 Dex+5}
rPois    ∞         Spirit   .   Q - +1 helmet of Hevvulue {rElec Int+5}
rElec    +         Reflect  +   l - scarf {cloud immunity}
rCorr    .         Harm     .   O - +0 pair of gloves of Kaidghue {rF+ MR+ Str+2}
MR       +....                  a - +1 pair of boots of the Echidna {Dex+8}
Stlth    ..........             I - +3 amulet of reflection
HPRegen  0.33/turn              X - ring of Jealousy {MR- AC+1 Str+10 Int-5 Slay+4}
MPRegen  0.21/turn              w - ring of Wivoisch {rPois rC+ Str+4}

@: flying
A: big wings, negative energy resistance 1, electricity resistance, unbreathing,
petrification resistance, rot immunity, AC +15
}: 2/15 runes: serpentine, barnacled
a: Stop Flying, Recite, Vitalisation, Imprison, Sanctuary, Donate Gold, Renounce
Religion


You were on level 3 of the Elven Halls.
You worshipped Zin.
Zin was exalted by your worship.
You were not hungry.

You visited 6 branches of the dungeon, and saw 34 of its levels.
You also visited: Ossuary and Wizlab.

You collected 2978 gold pieces.
You spent 2535 gold pieces at shops.
You donated 241 gold pieces to Zin.

Inventory:

Hand Weapons
 c - a +8 morningstar of holy wrath (weapon)
 y - the +6 shillelagh "Devastator" {shatter}
   (You acquired it on level 4 of the Lair of Beasts)
Missiles
 C - 6 throwing nets (quivered)
 Y - 23 javelins
Armour
 a - the +1 pair of boots of the Echidna (worn) {Dex+8}
   (You bought it in a shop on level 3 of the Elven Halls)

   It affects your dexterity (+8).
 b - the +6 scale mail "Jypo" {rC++ Str-5 SInv}
   (You found it on level 12 of the Dungeon)

   It affects your strength (-5).
   It greatly protects you from cold.
   It lets you see invisible.
 h - a +2 cloak
 l - a scarf of cloud immunity (worn)
 p - a +5 shield of reflection (worn)
 O - the +0 pair of gloves of Kaidghue (worn) {rF+ MR+ Str+2}
   (You found it on level 8 of the Dungeon)

   It affects your strength (+2).
   It protects you from fire.
   It affects your resistance to hostile enchantments.
 Q - the +1 helmet of Hevvulue (worn) {rElec Int+5}
   (You found it on level 5 of the Lair of Beasts)

   It affects your intelligence (+5).
   It insulates you from electricity.
 T - the +1 pair of gloves of Fiecargha {MR+ Slay+2}
   (You found it on level 1 of the Lair of Beasts)

   It affects your accuracy and damage with ranged weapons and melee attacks
   (+2).
   It affects your resistance to hostile enchantments.
 V - the +10 plate armour of Metof (worn) {*Contam rPois Int+3 Dex+5}
   (You bought it in a shop on level 2 of the Orcish Mines)

   It affects your intelligence (+3).
   It affects your dexterity (+5).
   It protects you from poison.
   It causes magical contamination when unequipped.
Jewellery
 g - an uncursed ring of protection from cold
 w - the ring of Wivoisch (right hand) {rPois rC+ Str+4}
   (You found it on level 1 of the Shoals)

   [ring of protection from cold]

   It affects your strength (+4).
   It protects you from cold.
   It protects you from poison.
 z - an uncursed ring of protection from fire
 I - a +3 amulet of reflection (around neck)
 R - an uncursed ring of see invisible
 S - a +2 ring of evasion
 X - the ring of Jealousy (left hand) {MR- AC+1 Str+10 Int-5 Slay+4}
   (You took it off a merfolk impaler on level 4 of the Shoals)

   [ring of protection]

   It affects your AC (+1).
   It affects your strength (+10).
   It affects your intelligence (-5).
   It affects your accuracy and damage with ranged weapons and melee attacks
   (+4).
   It affects your resistance to hostile enchantments.
Wands
 v - a wand of enslavement (20)
 A - a wand of disintegration (15)
 G - a wand of scattershot (7)
 M - a wand of acid (21)
 W - a wand of digging (3)
Scrolls
 d - 2 scrolls of brand weapon
 i - 6 scrolls of identify
 k - 17 scrolls of teleportation
 q - 17 scrolls of remove curse
 r - 6 scrolls of fog
 x - 2 scrolls of enchant armour
 D - 7 scrolls of amnesia
 H - 4 scrolls of blinking
 J - 5 scrolls of magic mapping
 K - 3 scrolls of immolation
 L - 5 scrolls of fear
 Z - 3 scrolls of silence
Potions
 e - 2 potions of berserk rage
 j - 18 potions of curing
 m - 8 potions of heal wounds
 n - 9 potions of mutation
 o - 8 potions of agility
 s - a potion of invisibility
 t - 3 potions of brilliance
 u - 3 potions of magic
 B - 4 potions of cancellation
 E - 8 potions of haste
 F - 5 potions of might
 U - a potion of resistance
Miscellaneous
 P - 2 phantom mirrors
Comestibles
 f - 34 rations


   Skills:
 * Level 19.1 Fighting
   Level 2.7 Long Blades
 - Level 16.0 Maces & Flails
 * Level 15.0 Armour
 - Level 13.0 Dodging
 - Level 15.0 Shields
 + Level 4.2 Spellcasting
 + Level 5.1 Conjurations
 + Level 5.6 Earth Magic
 * Level 12.6 Invocations


You had 24 spell levels left.
You knew the following spells:

 Your Spells              Type           Power        Failure   Level  Hunger
a - Stone Arrow           Conj/Erth      ###...       19%         3    ###....

Your spell library contained the following spells:

 Spells                   Type           Power        Failure   Level  Hunger
 Sandblast                Erth           ###...       5%          1    None
 Shock                    Conj/Air       ##..         21%         1    None
 Sting                    Conj/Pois      ##..         21%         1    None
 Beastly Appendage        Tmut           #.....       50%         1    None
 Freeze                   Ice            #...         50%         1    None
 Conjure Flame            Conj/Fire      ##......     52%         3    ###....
 Static Discharge         Conj/Air       ##......     52%         3    ###....
 Mephitic Cloud           Conj/Pois/Air  #.......     63%         3    ###....
 Ensorcelled Hibernation  Hex/Ice        #.....       65%         2    ##.....
 Poisonous Vapours        Pois/Air       #.....       65%         2    ##.....
 Sticks to Snakes         Tmut           #.......     65%         2    ##.....
 Swiftness                Chrm/Air       #.......     65%         2    ##.....
 Ignite Poison            Fire/Tmut/Pois #.......     86%         3    ###....
 Recall                   Summ/Tloc      N/A          86%         3    ###....
 Spider Form              Tmut/Pois      #.........   86%         3    ###....
 Leda's Liquefaction      Hex/Erth       ##........   87%         4    ####...
 Sticky Flame             Conj/Fire      ##......     89%         4    ####...
 Airstrike                Air            #.........   99%         4    ####...
 Ice Form                 Ice/Tmut       #.......     99%         4    ####...
 Olgreb's Toxic Radiance  Pois           #.......     99%         4    ####...
 Borgnjor's Vile Clutch   Necr/Erth      ##........   99%         5    ######.
 Lightning Bolt           Conj/Air       ##........   99%         5    ######.
 Venom Bolt               Conj/Pois      ##........   99%         5    ######.
 Aura of Abjuration       Summ           #.........   100%        5    ######.
 Blade Hands              Tmut           #.........   100%        5    ######.
 Summon Demon             Summ           #.........   100%        5    ######.
 Summon Forest            Summ/Tloc      #.........   100%        5    ######.
 Summon Mana Viper        Hex/Summ       #.......     100%        5    ######.
 Conjure Ball Lightning   Conj/Air       ##........   100%        6    #######
 Deflect Missiles         Chrm/Air       #.........   100%        6    #######
 Freezing Cloud           Conj/Ice/Air   #.........   100%        6    #######
 Shadow Creatures         Summ           N/A          100%        6    #######
 Ring of Flames           Chrm/Fire      #.........   100%        7    #######
 Statue Form              Tmut/Erth      Unusable     N/A         6    N/A

Dungeon Overview and Level Annotations

Branches:
Dungeon (15/15)            Temple (0/1) D:6            Lair (6/6) D:8
 Shoals (4/4) Lair:3        Snake (4/4) Lair:3        Slime (0/5) Lair:5
    Orc (2/2) D:10            Elf (3/3) Orc:2        Vaults (0/5) D:13
 Depths (0/5) D:15

Altars:
Fedhas
Kikubaaqudgha
Makhleb
Nemelex Xobeh
Okawaru
Ru
Sif Muna
Trog
Vehumet
Wu Jian
Xom
Yredelemnul
Zin
The Shining One
Beogh

Shops:
D:4 (   D:5 *   Orc:1 %   Orc:2 ![((   Elf:1 :   Elf:2 =}=}   Elf:3 [
Shoals:4 *(   Snake:1 =   Snake:3 ((   Snake:4 =

Annotations:
Shoals:3 exclusion: oklob plant
Snake:2 3 runed translucent doors, emperorscorpion's ghost, adept VSBe
Orc:1 1 runed translucent door


Innate Abilities, Weirdness & Mutations

You are resistant to torment.
Your stone body is resilient. (AC +15)
You are immune to poison.
Your large and strong wings let you fly indefinitely.
You resist negative energy. (rN+)
You are resistant to electric shocks. (rElec)
You can survive without breathing.
You are immune to petrification.
You are immune to rotting.


Message History

The rust devil is lost in a daze.
The hellion gestures at you.
The sphere of damnation explodes!
The damnation engulfs you!!
The rust devil is lost in a daze.
The soul eater draws from the surrounding life force!
The rust devil is lost in a daze.
The deep elf demonologist casts a spell.
You block the ice devil's attack. The hellion gestures at you.
The sphere of damnation explodes!
The damnation engulfs you!!
* * * LOW HITPOINT WARNING * * *
The deep elf elementalist gestures wildly while chanting.
The deep elf elementalist seems to speed up.
The ice devil is lost in a daze.
You hear a shout!
The deep elf elementalist casts a spell at the ice devil.
You hear rumbling.
The hellion gestures at you.
The sphere of damnation explodes!
The damnation engulfs you!!
You die...

*,* #........# #,*
#........# ##.###........#
#....'........#**
##.###).......+,,
#,*##.......##**
*,*#.......##
#######)#######
####.@.....#,,,,,****
###.......)..#,,,,,,,,**
##....4..#..).#,,,,,,,,,,
#....2..##...##+****,,,,,
##..e..####...#,,,,,***,,,
#...4#####....#,⌠,,,,,**,,
#...###......##,,,,,,,,**,
##3e#.#.......#,,,****,,,*,
#1...#.......##,,** **,,**


You could see a deep elf elementalist (dazed), a deep elf demonologist, 2 ice
devils and a hellion.

Vanquished Creatures
  Bai Suzhen (Elf:3)
  Vashnia (Snake:3)
  Rupert (Lair:3)
  Jorgrun (Elf:1)
  A Cloud Mage (WizLab)
  Asterion (Snake:2)
  Agnes (Elf:1)
  The ghost of Scuka the Scorcher, an adept DrFE of Vehumet (Shoals:1)
  Donald (Snake:2)
  6 nagarajas
  Roxanne (Snake:1)
  A fire giant (D:15)
  Aizul (Snake:2)
  The ghost of Bosausyc the Severer, a journeyman DrBe of Trog (Lair:5)
  An orc warlord (Orc:2)
  4 deep elf elementalists (Elf:3)
  A deep elf annihilator (Elf:3)
  2 spark wasps (WizLab)
  5 dire elephants (Lair:6)
  3 deep elf death magi
  2 blizzard demons (WizLab)
  3 deep elf high priests
  Erolcha (D:12)
  8 vault guards (D:13)
  2 merfolk impalers (Shoals:4)
  18 naga warriors
  4 alligator snapping turtles
  3 spriggan air magi (WizLab)
  6 centaur warriors
  6 hydras
  4 merfolk avatars
  A death knight (D:14)
  16 anacondas
  6 merfolk aquamancers
  4 two-headed ogres
  24 dancing weapons
  3 satyrs
  3 orc high priests
  8 naga sharpshooters
  Urug (D:12)
  5 shock serpents
  7 deep elf knights
  Sonja (D:12)
  2 salamander mystics (Snake:2)
  4 skeletal warriors (D:15)
  2 death drakes (WizLab)
  16 sea snakes
  A wizard (D:13)
  6 unseen horrors
  5 deep elf archers
  The ghost of Ratty the Carver, a novice MiMo (D:5)
  The ghost of Duffy the Insei, a novice OpTm of Gozag (D:7)
  9 naga ritualists
  14 harpies
  4 orc knights
  A wolf spider zombie (D:13)
  6 mana vipers
  An orc sorcerer (Elf:3)
  43 deep elf magi
  15 ugly things
  21 fauns
  9 salamanders
  10 manticores
  12 merfolk sirens
  2 cyclopes
  15 guardian serpents
  39 black mambas
  18 naga magi
  4 centaur zombies
  15 elephants
  3 apocalypse crabs (WizLab)
  6 water nymphs
  2 rime drakes
  4 spiny frogs
  8 komodo dragons
  5 kobold demonologists
  A tengu conjurer (D:14)
  7 trolls
  18 merfolk
  A jumping spider (shapeshifter) (Elf:1)
  7 wind drakes
  3 meliai (D:13)
  A polar bear (Lair:6)
  Prince Ribbit (D:6)
  4 blink frogs (Lair:5)
  8 dream sheep
  2 hornets
  7 slime creatures
  6 snapping turtles
  13 hippogriffs
  14 air elementals
  42 yaks
  2 wraiths
  A shadow (D:13)
  8 water elementals
  A yak (shapeshifter) (D:13)
  5 wyverns
  5 hungry ghosts
  5 basilisks
  3 vampire mosquitoes (D:14)
  A steam dragon (D:10)
  Menkaure (D:6)
  9 wargs
  A two-headed ogre zombie (D:10)
  An acid dragon (D:11)
  48 nagas
  9 porcupines
  8 water moccasins
  An eye of draining (D:13)
  5 sky beasts
  37 orc warriors
  2 hornet zombies (D:15)
  2 black bears (D:8)
  4 ice beasts
  10 ogres
  5 boggarts (D:15)
  3 phantoms
  15 centaurs
  43 wolves
  11 crocodiles
  6 big kobolds
  25 bullfrogs
  An elf zombie (D:5)
  A wyvern zombie (D:12)
  6 gnoll sergeants
  2 earth elementals (Elf:2)
  3 elf skeletons (D:5)
  A wyvern skeleton (D:11)
  A troll zombie (D:10)
  4 scorpions
  4 killer bees (D:8)
  12 wights
  5 howler monkeys
  4 electric eels
  7 crimson imps
  4 bullfrog zombies
  3 jellies
  A bullfrog skeleton (D:12)
  17 orc priests
  2 gnoll shamans
  7 hounds
  31 orc wizards
  Crazy Yiuf (D:2)
  5 centaur skeletons
  Jessica (D:2)
  3 iguanas
  A human skeleton (D:5)
  12 worker ants
  6 ogre zombies (D:10)
  A hound skeleton (D:4)
  A mummy (Ossuary)
  3 worker ant zombies
  17 gnolls
  10 adders
  6 shadow imps
  An adder zombie (D:5)
  An adder skeleton (D:6)
  2 worms (D:5)
  A dart slug (D:5)
  4 leopard geckos
  86 orcs
  10 bats
  7 giant cockroaches
  7 hobgoblins
  12 jackals
  10 kobolds
  3 quokkas
  3 frilled lizards
  10 gnoll skeletons (Ossuary)
  5 goblins
  4 goblin zombies (D:10)
  4 hobgoblin zombies (D:10)
  A jackal skeleton (D:8)
  A jackal zombie (D:5)
  6 kobold skeletons (Ossuary)
  15 orc skeletons
  12 orc zombies (D:10)
  12 rats
  A fungus (Lair:6)
  8 plants
1296 creatures vanquished.

Vanquished Creatures (others)
  A spark wasp (WizLab)
  A merfolk javelineer (Shoals:4)
  2 satyrs
  A naga sharpshooter (Snake:2)
  2 deep elf knights (Elf:2)
  A deep elf mage (Elf:2)
  2 deep elf archers
  A cyclops (Shoals:3)
  2 fauns
  A troll (D:15)
  A dream sheep (Lair:5)
  A naga (Snake:4)
  A centaur (Shoals:1)
  An orc wizard (Elf:3)
  A gnoll (D:7)
  An orc (Orc:2)
  34 fungi
  66 plants
120 creatures vanquished.

Grand Total: 1416 creatures vanquished

Notes
Turn   | Place    | Note
-------+----------+-------------------------------------------
     0 | D:1      | mortelune the Gargoyle Fighter began the quest for the Orb.
     0 | D:1      | Reached XP level 1. HP: 14/14 MP: 1/1
     5 | D:1      | Noticed an electric eel
   119 | D:1      | Reached XP level 2. HP: 12/19 MP: 2/2
   550 | D:1      | Reached XP level 3. HP: 19/24 MP: 3/3
  1211 | D:2      | Found a blossoming altar of Fedhas.
  1430 | D:2      | Reached skill level 4 in Fighting
  1447 | D:2      | Found a runed translucent door.
  1448 | D:2      | Noticed Crazy Yiuf
  1534 | D:2      | Noticed Jessica
  1546 | D:2      | Killed Jessica
  1546 | D:2      | Reached XP level 4. HP: 28/29 MP: 4/4
  2072 | D:3      | Found a burning altar of Makhleb.
  2072 | D:3      | Found a glowing silver altar of Zin.
  2073 | D:3      | Noticed an angel
  2073 | D:3      | Noticed a green death
  2088 | D:3      | Became a worshipper of Zin the Law-Giver
  2088 | D:3      | Reached * piety under Zin
  2146 | D:3      | Found a radiant altar of Vehumet.
  2481 | D:3      | Found a faded altar of an unknown god.
  2574 | D:4      | Found Ubafe's Antique Weapon Emporium.
  2582 | D:4      | Bought a mace for 78 gold pieces
  2598 | D:4      | Reached XP level 5. HP: 34/34 MP: 5/5
  2649 | D:4      | Reached ** piety under Zin
  2713 | D:4      | Got a bone scimitar
  2714 | D:4      | Identified the +6 scimitar "Ovvabik" {venom, *Rage Str+7}
                  | (You found it on level 4 of the Dungeon)
  2777 | D:4      | Noticed a phantom
  2805 | D:4      | Killed a phantom
  2805 | D:4      | Reached skill level 5 in Fighting
  2805 | D:4      | Reached skill level 1 in Long Blades
  2805 | D:4      | Reached XP level 6. HP: 34/40 MP: 6/6
  3633 | D:5      | Entered Level 5 of the Dungeon
  3637 | D:5      | Reached XP level 7. HP: 44/44 MP: 7/7
  3656 | D:5      | Found Givvuyss's General Store.
  3664 | D:5      | Bought a scroll of teleportation for 33 gold pieces
  3664 | D:5      | Bought a potion of agility for 44 gold pieces
  3705 | D:5      | Found a sparkling altar of Nemelex Xobeh.
  3841 | D:5      | Found a sand-covered staircase.
  3851 | D:5      | Reached skill level 6 in Fighting
  3855 | Ossuary  | Entered an ossuary
  3855 | Ossuary  | Noticed a wraith
  3855 | Ossuary  | Noticed a wraith
  3855 | Ossuary  | Noticed a wraith
  3935 | Ossuary  | Reached *** piety under Zin
  4019 | Ossuary  | Noticed a wraith
  4048 | Ossuary  | Killed a wraith
  4048 | Ossuary  | Reached skill level 5 in Armour
  4048 | Ossuary  | Reached skill level 5 in Shields
  4048 | Ossuary  | Reached XP level 8. HP: 41/52 MP: 6/8
  4160 | D:5      | Found a glowing silver altar of Zin.
  4334 | D:5      | Reached skill level 1 in Invocations
  4639 | D:5      | Found an iron altar of Okawaru.
  4780 | D:5      | Found a runed translucent door.
  4784 | D:5      | Noticed Ratty's ghost (novice MiMo)
  5038 | D:5      | Found a runed translucent door.
  5420 | D:2      | Killed Crazy Yiuf
  5420 | D:2      | Reached skill level 7 in Fighting
  5420 | D:2      | Reached skill level 5 in Maces & Flails
  6102 | D:6      | Found a staircase to the Ecumenical Temple.
  6148 | D:6      | Reached XP level 9. HP: 57/57 MP: 10/10
  6367 | D:6      | Noticed Menkaure
  6374 | D:6      | Killed Menkaure
  6465 | D:6      | Noticed Prince Ribbit
  6511 | D:6      | Killed Prince Ribbit
  6647 | D:6      | Found a shimmering altar of Xom.
  6658 | D:6      | Reached **** piety under Zin
  7141 | D:7      | Found a transporter.
  7157 | D:7      | Noticed Duffy's ghost (novice OpTm)
  7268 | D:7      | Found a transporter.
  7696 | D:8      | Found an ancient bone altar of Kikubaaqudgha.
  7898 | D:8      | Got a pair of faintly glowing gloves
  7904 | D:8      | Identified the +0 pair of gloves of Kaidghue {rF+ MR+
                  | Str+2} (You found it on level 8 of the Dungeon)
  7961 | D:8      | Reached skill level 8 in Fighting
  8072 | D:8      | Reached XP level 10. HP: 55/64 MP: 13/13
  8453 | D:8      | Found a staircase to the Lair.
  8659 | D:8      | Reached skill level 5 in Invocations
  8995 | D:9      | Found a sacrificial altar of Ru.
  9000 | D:9      | Found a glowing golden altar of the Shining One.
  9009 | D:9      | Found an ornate altar of the Wu Jian Council.
  9145 | D:9      | Reached ***** piety under Zin
  9237 | D:9      | Found a deep blue altar of Sif Muna.
  9447 | D:9      | Found a bloodstained altar of Trog.
  9459 | D:9      | Found a basalt altar of Yredelemnul.
  9656 | D:10     | Entered Level 10 of the Dungeon
  9901 | D:10     | Reached skill level 9 in Fighting
 10273 | Lair:1   | Entered Level 1 of the Lair of Beasts
 10619 | Lair:1   | You fall through a shaft!
 10627 | Lair:2   | Reached XP level 11. HP: 53/71 MP: 15/15
 10809 | Lair:1   | Got a pair of dazzling gloves
 10820 | Lair:1   | Identified the +1 pair of gloves of Fiecargha {MR+ Slay+2}
                  | (You found it on level 1 of the Lair of Beasts)
 12097 | Lair:2   | Got a translucent long sword
 12098 | Lair:2   | Identified the +5 long sword of Fate {protect, rC++} (You
                  | found it on level 2 of the Lair of Beasts)
 12132 | Lair:2   | Noticed a six-headed hydra
 12142 | Lair:2   | Killed a six-headed hydra
 12772 | Lair:2   | Reached skill level 10 in Fighting
 12953 | Lair:3   | Reached skill level 10 in Shields
 13044 | Lair:3   | Found a staircase to the Snake Pit.
 13196 | Lair:3   | Found a staircase to the Shoals.
 13364 | Lair:3   | Got a faintly humming robe
 13375 | Lair:3   | Identified the +2 robe of the True Pharaoh {rC+ Dex+4} (You
                  | found it on level 3 of the Lair of Beasts)
 14065 | Lair:3   | Reached skill level 10 in Maces & Flails
 14261 | Lair:4   | Reached XP level 12. HP: 51/77 MP: 16/16
 15526 | Lair:4   | Reached skill level 10 in Armour
 15840 | Lair:4   | Got a warped leather armour
 15851 | Lair:4   | Identified the +3 leather armour of Kleptomania {rElec
                  | rPois Int-5} (You found it on level 4 of the Lair of
                  | Beasts)
 15895 | Lair:4   | Noticed Rupert
 15928 | Lair:4   | Paralysed by Rupert for 7 turns
 15966 | Lair:4   | Paralysed by Rupert for 4 turns
 15986 | Lair:4   | Paralysed by Rupert for 2 turns
 16422 | D:10     | Found a staircase to the Orcish Mines.
 16858 | D:11     | Noticed a centaur warrior
 16889 | D:11     | Killed a centaur warrior
 16889 | D:11     | Reached skill level 11 in Fighting
 16957 | D:11     | Noticed a two-headed ogre
 16966 | D:11     | Killed a two-headed ogre
 17116 | D:11     | Noticed a five-headed hydra
 17131 | D:11     | Killed a five-headed hydra
 17131 | D:11     | Reached XP level 13. HP: 53/84 MP: 17/17
 18039 | D:12     | Noticed Erolcha
 18204 | D:12     | Killed Erolcha
 18210 | D:12     | Noticed Sonja
 18224 | D:12     | Killed Sonja
 18249 | D:12     | Got a jewelled scale mail
 18260 | D:12     | Identified the +6 scale mail "Jypo" {rC++ Str-5 SInv} (You
                  | found it on level 12 of the Dungeon)
 18284 | D:12     | Noticed Urug
 18300 | D:12     | Killed Urug
 19910 | D:13     | Reached skill level 12 in Fighting
 20587 | D:7      | Killed Duffy's ghost
 20758 | D:7      | Reached ****** piety under Zin
 20776 | D:7      | Got a fine tin ring
 20778 | D:7      | Identified the ring "Ucwuf" {*Drain rPois Int+2 Dex+3
                  | Stlth+} (You found it on level 7 of the Dungeon)
 20932 | D:5      | Killed Ratty's ghost
 21110 | Orc:1    | Entered Level 1 of the Orcish Mines
 21321 | Orc:1    | You fall through a shaft!
 21321 | Orc:2    | Entered Level 2 of the Orcish Mines
 21479 | Orc:2    | Found a staircase to the Elven Halls.
 21860 | Orc:1    | Gained mutation: Your large and strong wings let you fly
                  | indefinitely. [Gargoyle growth]
 21860 | Orc:1    | Reached XP level 14. HP: 72/92 MP: 18/18
 22040 | Orc:1    | Found Cebaud's Food Boutique.
 22118 | Orc:2    | Found a roughly hewn altar of Beogh.
 22235 | Orc:1    | Found a runed translucent door.
 22716 | Orc:2    | Found a roughly hewn altar of Beogh.
 22732 | Orc:2    | Found Kavul's Weapon Emporium.
 23268 | Orc:2    | Noticed an orc warlord
 23327 | Orc:2    | Killed an orc warlord
 23571 | Orc:2    | Found Baacizu's Antique Armour Emporium.
 23577 | Orc:2    | Found a roughly hewn altar of Beogh.
 23580 | Orc:2    | Found Haownadgh's Antique Weapon Shoppe.
 24117 | Orc:2    | Found a roughly hewn altar of Beogh.
 24429 | Orc:2    | Found a roughly hewn altar of Beogh.
 24431 | Orc:2    | Found Tuifugg's Distillery.
 24447 | Orc:2    | Bought a potion of cancellation for 104 gold pieces
 24679 | Orc:2    | Bought an ancient plate armour for 924 gold pieces
 24697 | Orc:2    | Identified the +10 plate armour of Metof {*Contam rPois
                  | Int+3 Dex+5} (You bought it in a shop on level 2 of the
                  | Orcish Mines)
 25715 | Lair:4   | Identified a scroll of acquirement
 25716 | Lair:4   | Found the +6 shillelagh "Devastator" {shatter}
 25809 | Lair:5   | Found a runed translucent door.
 25810 | Lair:5   | Noticed Bosausyc's ghost (journeyman DrBe)
 26311 | Lair:5   | Got a pair of faintly glowing gloves
 26322 | Lair:5   | Identified the cursed +0 pair of gloves of the Eight Boll
                  | Weevils {rC+} (You found it on level 5 of the Lair of
                  | Beasts)
 26348 | Lair:5   | Found a staircase to the Slime Pits.
 26544 | Lair:5   | Got a distressingly furry helmet
 26550 | Lair:5   | Identified the +1 helmet of Hevvulue {rElec Int+5} (You
                  | found it on level 5 of the Lair of Beasts)
 26777 | Lair:6   | Entered Level 6 of the Lair of Beasts
 26802 | Lair:6   | Reached skill level 15 in Shields
 26833 | Lair:6   | Reached skill level 13 in Fighting
 27072 | Lair:6   | Reached skill level 1 in Dodging
 27770 | Lair:6   | Noticed a dire elephant
 27770 | Lair:6   | Noticed a dire elephant
 27778 | Lair:6   | Killed a dire elephant
 27781 | Lair:6   | Killed a dire elephant
 27781 | Lair:6   | Reached XP level 15. HP: 70/99 MP: 19/19
 27797 | Lair:6   | Got a faintly glowing plate armour
 27808 | Lair:6   | Identified the cursed +0 plate armour of Lesser Demons
                  | {Str-5 Dex+8} (You found it on level 6 of the Lair of
                  | Beasts)
 28662 | D:13     | Got a slimy flail
 28663 | D:13     | Identified the +7 flail of the Gloaming {pain, Int+6} (You
                  | found it on level 13 of the Dungeon)
 28861 | D:13     | Reached skill level 5 in Dodging
 29007 | D:13     | Found a gate to the Vaults.
 29039 | D:13     | Reached skill level 14 in Fighting
 30058 | D:15     | Entered Level 15 of the Dungeon
 30086 | D:15     | Noticed a fire giant
 30087 | D:15     | Found a staircase to the Depths.
 30607 | D:15     | Killed a fire giant
 30730 | D:15     | Reached XP level 16. HP: 107/107 MP: 20/20
 30785 | D:15     | Reached skill level 15 in Fighting
 31760 | Lair:3   | Killed Rupert
 31846 | Lair:5   | Killed Bosausyc's ghost
 31918 | Snake:1  | Entered Level 1 of the Snake Pit
 31969 | Snake:1  | Identified Roxanne's Collected Works on the Mountains
 31969 | Snake:1  | Noticed Roxanne
 32029 | Snake:1  | Killed Roxanne
 32200 | Snake:1  | Reached skill level 10 in Dodging
 32558 | Snake:1  | Found Itzaasan's Jewellery Shoppe.
 32948 | Snake:2  | Noticed a nagaraja
 33037 | Snake:2  | Reached skill level 15 in Maces & Flails
 33041 | Snake:2  | Killed a nagaraja
 33072 | Snake:2  | Found a runed translucent gate.
 33072 | Snake:2  | Found a runed translucent gate.
 33073 | Snake:2  | Found a runed translucent gate.
 33078 | Snake:2  | Noticed a nagaraja
 33080 | Snake:2  | Noticed emperorscorpion's ghost (adept VSBe)
 33144 | Snake:2  | Found a bloodstained altar of Trog.
 33235 | Snake:2  | Noticed Donald
 33244 | Snake:2  | Killed Donald
 33438 | Snake:2  | Reached skill level 16 in Fighting
 33962 | Snake:3  | Noticed Vashnia
 34072 | Snake:2  | Reached XP level 17. HP: 115/115 MP: 21/21
 34361 | Snake:3  | Noticed Asterion
 34379 | Snake:2  | Killed Asterion
 34399 | Snake:3  | Noticed Aizul
 34430 | Snake:2  | Killed Aizul
 34498 | Snake:3  | Found Extal's Antique Weapon Shoppe.
 34524 | Snake:3  | Found Haesch's Weapon Emporium.
 34741 | Snake:3  | Killed Vashnia
 35196 | Snake:4  | Entered Level 4 of the Snake Pit
 35359 | Snake:4  | Found a shimmering altar of Xom.
 35966 | Snake:4  | Found Biuno's Jewellery Shop.
 36194 | Snake:4  | Reached skill level 17 in Fighting
 36289 | Snake:4  | Reached XP level 18. HP: 99/123 MP: 24/24
 36557 | Snake:4  | Learned a level 3 spell: Stone Arrow
 36617 | Snake:4  | Got a serpentine rune of Zot
 36914 | Shoals:1 | Entered Level 1 of the Shoals
 36914 | Shoals:1 | Found a runed translucent gate.
 36914 | Shoals:1 | Found a runed translucent gate.
 36914 | Shoals:1 | Found a runed translucent gate.
 36955 | Shoals:1 | Noticed Scuka's ghost (adept DrFE)
 37712 | Shoals:1 | Killed Scuka's ghost
 37725 | Shoals:1 | Got a scorched brass ring
 37728 | Shoals:1 | Identified the ring of Wivoisch {rPois rC+ Str+4} (You
                  | found it on level 1 of the Shoals)
 38627 | Shoals:2 | Reached skill level 10 in Invocations
 39397 | Shoals:3 | Found a deep blue altar of Sif Muna.
 39760 | Shoals:3 | Got a steaming iron amulet
 39763 | Shoals:3 | Identified the amulet "Eddanes" {Spirit rElec} (You
                  | acquired it on level 3 of the Shoals)
 40150 | Shoals:3 | Reached skill level 18 in Fighting
 40661 | Shoals:4 | Entered Level 4 of the Shoals
 40694 | Shoals:4 | Reached XP level 19. HP: 119/130 MP: 26/26
 40925 | Shoals:4 | Reached skill level 1 in Earth Magic
 40982 | Shoals:4 | Reached skill level 1 in Conjurations
 41020 | Shoals:4 | Reached skill level 1 in Spellcasting
 41440 | Shoals:4 | Got a barnacled rune of Zot
 41502 | Shoals:4 | Found Voukhiull's Weapon Boutique.
 41676 | Shoals:4 | Found Oddip's Mayhem Merchandise.
 41873 | Shoals:4 | Identified the ring of Jealousy {MR- AC+1 Str+10 Int-5
                  | Slay+4}
 42330 | Orc:2    | Bought a pair of dazzling boots for 313 gold pieces
 42391 | Orc:2    | Bought a potion of might for 52 gold pieces
 42391 | Orc:2    | Bought a potion of haste for 130 gold pieces
 42391 | Orc:2    | Bought a potion of haste for 130 gold pieces
 42391 | Orc:2    | Bought a potion of invisibility for 104 gold pieces
 42391 | Orc:2    | Bought a potion of curing for 39 gold pieces
 42391 | Orc:2    | Bought a potion of heal wounds for 65 gold pieces
 42391 | Orc:2    | Bought a potion of curing for 39 gold pieces
 42403 | Orc:2    | Identified the +0 pair of boots "Basiomm" {+Inv rPois MR-
                  | Dex+4} (You bought it in a shop on level 2 of the Orcish
                  | Mines)
 42475 | Elf:1    | Entered Level 1 of the Elven Halls
 42671 | Elf:1    | Noticed Jorgrun
 42692 | Elf:1    | Killed Jorgrun
 42858 | Elf:1    | Noticed Agnes
 42871 | Elf:1    | Killed Agnes
 42976 | Elf:1    | Found Loavvis's Book Shoppe.
 43777 | Elf:2    | Found Zedousuh's Jewellery Shoppe.
 43777 | Elf:2    | Found Quqapp's Gadget Boutique.
 43778 | Elf:2    | Found Goluig's Jewellery Shoppe.
 43901 | Elf:2    | Found a runed translucent gate.
 43907 | Elf:2    | Found a runed translucent gate.
 43965 | Elf:2    | Found Tousmus's Gadget Shoppe.
 43978 | Elf:2    | Bought a wand of digging (3) for 224 gold pieces
 44103 | Elf:2    | Found a runed translucent gate.
 44687 | Elf:3    | Entered Level 3 of the Elven Halls
 44762 | Elf:3    | Noticed Bai Suzhen
 44776 | Elf:3    | Found a magical portal.
 44785 | WizLab   | Entered The Chambers of the Cloud Mage
 44799 | WizLab   | Reached XP level 20. HP: 134/137 MP: 29/29
 45894 | WizLab   | Noticed Jesec
 45904 | WizLab   | Killed Jesec the Cloud Mage
 45931 | WizLab   | Identified the Almanac of the Arsonist and Ice
 45939 | WizLab   | Identified the Handbook of Weightlessness
 45942 | WizLab   | Got a pitted turquoise ring
 45950 | WizLab   | Identified the ring "Ymopp" {+Fly Int+3} (You found it in a
                  | wizard's laboratory)
 46082 | Elf:3    | Killed Bai Suzhen
 46082 | Elf:3    | Reached skill level 5 in Earth Magic
 46169 | Elf:3    | Reached skill level 19 in Fighting
 46228 | Elf:3    | Found Veaci's Antique Armour Emporium.
 46239 | Elf:3    | Bought a pair of shimmering boots for 256 gold pieces
 46276 | Elf:3    | Identified the +1 pair of boots of the Echidna {Dex+8} (You
                  | bought it in a shop on level 3 of the Elven Halls)
 46553 | Elf:3    | Paralysed by an orc sorcerer for 4 turns
 46595 | Elf:3    | Reached skill level 15 in Armour
 46644 | Elf:3    | Reached skill level 5 in Conjurations
 46852 | Elf:3    | Identified the +9 spear of the Neverending Ghosts {venom,
                  | Fragile +Inv rC+}
 46852 | Elf:3    | Identified the ring "Maif" {rPois Str+4 Slay+6}
 46869 | Elf:3    | Noticed a Tzitzimitl
 46871 | Elf:3    | Killed from afar by a hellion

Levels and vault maps discovered:
D:1:      arrival_aquarium_a, layout_basic, roderic_cross_of_infinity,
          corner_web_ring, minmay_circled_x
D:2:      layout_basic, old_standard_altar, first_ration,
          uniq_crazy_yiuf_cottage, uniq_jessica
D:3:      layout_rooms, grunt_temple_overflow_order_and_chaos_2,
          lemuel_crystal_altar, chequers_ecumenical_altar_grove
D:4:      layout_layer_cave, serial_shops, nicolae_shop_trees,
          kennysheep_crisscross
D:5:      layout_loops_corners, old_standard_altar, basic_altar, serial_shops,
          shop_fountains, ebering_ghost_sewer_f,
          nicolae_ossuary_entry_catacombs, okawaru_metal_pillars_3
D:6:      layout_cave_pods, lemuel_crystal_altar,
          minmay_temple_entry_large_hall, uniq_prince_ribbit1, uniq_menkaure
D:7:      layout_loops_ring, gammafunk_ghost_gnarly_gnolls
D:8:      layout_loops_ring, kiku_gazebo_garden_becter,
          due_lair_maze_entry_diamond
D:9:      layout_roguey, grunt_temple_overflow_open, lemuel_blue_sif_altar,
          minitemple
D:10:     layout_rooms, zombieorc2_lemuel
D:11:     layout_basic
D:12:     layout_loops_ring, grunt_ogre_cave, uniq_erolcha, uniq_urug,
          uniq_sonja
D:13:     minmay_swirls_squares, layout_basic, erik_vaults_2
D:14:     layout_loops_corners, patterned_corridor, minmay_strange_pillars
D:15:     grunt_enter_depths_giant_problem, layout_rooms, nicolae_sextant
Lair:1:   layout_roguey, serial_bayou_shore_a
Lair:2:   layout_roguey, chequers_serial_rivers_micro_e,
          nicolae_quartered_pool_medium
Lair:3:   layout_layer_cave, elwin_shoals_entry_rooms, dummy_snake_entry,
          grunt_megastairs_5
Lair:4:   layout_gridlike, serial_bayou_pond_c, uniq_rupert
Lair:5:   layout_gridlike, dpeg_slime_entry_corner, gammafunk_ghost_grave
Lair:6:   due_jungle_book, layout_regular_city, grunt_forest_large_clearings,
          grunt_megastairs_3
Shoals:1: layout_shoals, ebering_ghost_rock_garden
Shoals:2: cheibrodos_shoals_three_sisters, layout_shoals
Shoals:3: layout_shoals, lemuel_oklob_altar
Shoals:4: shoals_end_grunt_garden, layout_shoals, serial_shops, shop,
          minmay_shop_mayhem
Snake:1:  layout_onion_interference, serial_shops, shop, grunt_ministairs_2,
          uniq_roxanne
Snake:2:  layout_layer_cave, gammafunk_ghost_split, basic_altar, uniq_donald
Snake:3:  layout_cave_town, minmay_shoptagon, uniq_aizul, uniq_vashnia,
          uniq_asterion
Snake:4:  grunt_snake_rune_serpentine_throne, layout_cave_town, basic_altar,
          minmay_shop_enchanted_jewellery
Orc:1:    layout_caves, serial_shops, shop, lightli_church_of_beogh
Orc:2:    grunt_orc_community_town_hall, layout_caves,
          grunt_orc_community_big_house_1, grunt_orc_community_big_house_2,
          grunt_orc_community_house_1, grunt_orc_community_house_1,
          grunt_orc_community_house_1, grunt_orc_community_house_2,
          nicolae_orc_pool_cavern
Elf:1:    eino_elf_arrival_sip, layout_geoelf_octagon, serial_shops, shop,
          kennysheep_underground_church, uniq_jorgrun, uniq_agnes
Elf:2:    layout_onion_city, serial_shops, shop, kb_rosetta, minmay_shop_grove
Elf:3:    minmay_elf_hall_curves, layout_gridlike, serial_shops,
          nicolae_shop_waterfront, mu_enter_wizlab_5, uniq_bai_suzhen
Ossuary:  ossuary_due_mausoleum
WizLab:   wizlab_cloud

Skill      XL: |  1  2  3  4  5  6  7  8  9 10 11 12 13 14 15 16 17 18 19 20 |
---------------+-------------------------------------------------------------+-----
Fighting       | 4 5 6 7 8 9 10 11 12 13 14 16 17 18 19 | 19.1
Maces & Flails | 3 5 7 9 10 11 12 14 15 16 | 16.0
Armour         | 4 5 6 7 8 9 10 11 12 13 14 15 | 15.0
Shields        | 4 5 6 7 8 10 12 13 15 | 15.0
Long Blades    | 1 2 |  2.7
Invocations    | 2 4 6 8 10 12 | 12.6
Dodging        | 2 8 10 12 13 | 13.0
Earth Magic    | 4 5 |  5.6
Conjurations   | 4 5 |  5.1
Spellcasting   | 3 4 |  4.2

Action                   |  1- 3 |  4- 6 |  7- 9 | 10-12 | 13-15 | 16-18 | 19-21 || total
-------------------------+-------+-------+-------+-------+-------+-------+-------++-------
Melee: Flail             |   127 |   103 |   436 |   962 |   868 |       |       ||  2496
       Scimitar          |       |    30 |    53 |       |       |       |       ||    83
       Shillelagh        |       |       |       |       |   505 |   772 |       ||  1277
       Morningstar       |       |       |       |       |   110 |   441 |   804 ||  1355
Throw: Tomahawk          |       |       |       |       |     3 |       |       ||     3
Invok: Recite            |       |       |     7 |     3 |    13 |    10 |    10 ||    43
       Vitalisation      |       |       |     4 |     4 |     5 |     7 |     7 ||    27
       Imprison          |       |       |       |     2 |     1 |       |       ||     3
 Abil: Fly               |       |       |       |       |       |     1 |     1 ||     2
       Stop Flying       |       |       |       |       |       |       |     1 ||     1
Evoke: Wand              |       |       |       |     2 |       |       |       ||     2
  Use: Scroll            |       |       |    11 |     8 |    15 |     9 |     9 ||    52
       Potion            |       |       |     1 |     1 |     4 |       |       ||     6
 Stab: Confused          |       |       |     1 |       |     2 |     5 |     5 ||    13
       Paralysed         |       |       |       |       |     9 |       |     2 ||    11
       Invisible         |       |       |       |       |    10 |       |       ||    10
       Distracted        |       |       |       |       |       |       |     1 ||     1
  Eat: Chunk             |     2 |     5 |    10 |    19 |    15 |    11 |     8 ||    70
       Ration            |       |     1 |     1 |     5 |     9 |     6 |     4 ||    26
Armor: Scale mail        |    71 |   109 |   209 |   125 |    26 |       |       ||   540
       Chain mail        |       |       |       |   428 |    32 |       |       ||   460
       Plate armour      |       |       |       |       |   523 |   511 |   313 ||  1347
Dodge: Dodged            |    53 |    74 |   168 |   412 |   484 |   540 |   316 ||  2047
Block: Shield            |    80 |   114 |   276 |   699 |  1096 |  1138 |   717 ||  4120
       Reflection        |       |       |       |       |     3 |   157 |    75 ||   235
       Rpst.: Scimitar   |       |     1 |     2 |       |       |       |       ||     3

Table legend:
 A = Non-vault XP
 B = Vault XP
 C = Vault XP percentage of total XP
 D = Non-vault monster count
 E = Vault monster count
 F = Vault count percentage of total count
                 A         B        C        D         E       F
            +---------+---------+-------+---------+---------+-------
      Total |  241904 |  196881 |  44.9 |     858 |     444 |  34.1
            +---------+---------+-------+---------+---------+-------
        D:1 |      33 |       5 |  13.2 |      22 |       4 |  15.4
        D:2 |      40 |      76 |  65.5 |      18 |       2 |  10.0
        D:3 |      45 |       0 |   0.0 |      13 |       0 |   0.0
        D:4 |     427 |       0 |   0.0 |      17 |       0 |   0.0
        D:5 |     681 |    1158 |  63.0 |      22 |      12 |  35.3
        D:6 |     607 |     446 |  42.4 |      18 |       2 |  10.0
        D:7 |     862 |    1146 |  57.1 |      15 |      17 |  53.1
        D:8 |    1171 |    1317 |  52.9 |      21 |      11 |  34.4
        D:9 |    1357 |       0 |   0.0 |      16 |       0 |   0.0
       D:10 |    1707 |     820 |  32.4 |      17 |      36 |  67.9
       D:11 |    8646 |       0 |   0.0 |      43 |       0 |   0.0
       D:12 |    3109 |    3575 |  53.5 |      29 |       4 |  12.1
       D:13 |    4990 |   16680 |  77.0 |      15 |      23 |  60.5
       D:14 |   11191 |       0 |   0.0 |      32 |       0 |   0.0
       D:15 |   18523 |    1847 |   9.1 |      56 |       1 |   1.8
     Lair:1 |    1786 |       0 |   0.0 |      11 |       0 |   0.0
     Lair:2 |    4260 |       0 |   0.0 |      16 |       0 |   0.0
     Lair:3 |    2920 |    4685 |  61.6 |      16 |       6 |  27.3
     Lair:4 |    7983 |       0 |   0.0 |      37 |       0 |   0.0
     Lair:5 |    8330 |    1625 |  16.3 |      26 |       1 |   3.7
     Lair:6 |   12336 |    7216 |  36.9 |      34 |      38 |  52.8
   Shoals:1 |    7415 |    3064 |  29.2 |      17 |       2 |  10.5
   Shoals:2 |   17081 |    7625 |  30.9 |      31 |      10 |  24.4
   Shoals:3 |   15695 |     905 |   5.5 |      32 |       1 |   3.0
   Shoals:4 |    9288 |   16506 |  64.0 |      20 |      27 |  57.4
    Snake:1 |   14941 |    2600 |  14.8 |      29 |       3 |   9.4
    Snake:2 |   20276 |    6111 |  23.2 |      37 |       3 |   7.5
    Snake:3 |    7208 |    8603 |  54.4 |      18 |       6 |  25.0
    Snake:4 |   20273 |   41345 |  67.1 |      40 |      66 |  62.3
      Orc:1 |    2360 |     132 |   5.3 |      31 |       2 |   6.1
      Orc:2 |    3278 |    5158 |  61.1 |      46 |      63 |  57.8
      Elf:1 |    8536 |    8591 |  50.2 |      14 |       8 |  36.4
      Elf:2 |   14297 |   22901 |  61.6 |      26 |      30 |  53.6
      Elf:3 |   10252 |   17196 |  62.6 |      23 |      10 |  30.3
    Ossuary |       0 |     263 | 100.0 |       0 |      27 | 100.0
     WizLab |       0 |   15285 | 100.0 |       0 |      29 | 100.0
            +---------+---------+-------+---------+---------+-------
